 Dungeon Crawl Stone Soup version 0.21.0-3-g78d12a8 (webtiles) character file.

44 Monsterracer the Shield-Bearer (level 3, -1/34 HPs)
             Began as a Deep Dwarf Fighter on Jan 12, 2018.
             Slain by a worker ant (4 damage)
             ... on level 4 of the Dungeon.
             The game lasted 00:00:46 (501 turns).

Monsterracer the Shield-Bearer (Deep Dwarf Fighter)  Turns: 501, Time: 00:00:47

Health: -1/34      AC:  6    Str: 20    XL:     3   Next: 41%
Magic:  3/3        EV:  7    Int:  8    God:
Gold:   50         SH:  9    Dex: 12    Spells: 2/2 levels left

rFire    . . .     SeeInvis .   a - +0 war axe
rCold    . . .     Gourm    .   c - +0 shield
rNeg     . . .     Faith    .   b - +0 scale mail
rPois    .         Spirit   .   (no helmet)
rElec    .         Reflect  .   (no cloak)
rCorr    .         Harm     .   (no gloves)
MR       .....                  (no boots)
Stlth    ..........             (no amulet)
HPRegen  0.00/turn              (no ring)
MPRegen  0.08/turn              (no ring)

@: lethally poisoned (-1 -> -10), non-regenerating
A: damage resistance, heal wounds, sense surroundings 1, no regeneration
a: Heal Wounds


You were on level 4 of the Dungeon.
You were not hungry.

You visited 1 branch of the dungeon, and saw 4 of its levels.

You collected 50 gold pieces.

Inventory:

Hand Weapons
 a - a +0 war axe (weapon)
Armour
 b - a +0 scale mail (worn)
 c - a +0 shield (worn)
Scrolls
 e - 4 scrolls of identify {unknown}
 h - a scroll of amnesia {unknown}
 i - a scroll of remove curse {unknown}
Potions
 d - a potion of might
 g - 3 potions of curing {unknown}
 j - a potion of ambrosia {unknown}
 k - a potion of berserk rage {unknown}
 l - a potion of heal wounds {unknown}
 m - a potion of lignification {unknown}
Comestibles
 f - 3 rations


   Skills:
 + Level 3.0 Fighting
 * Level 3.1 Axes
 + Level 3.6 Armour
 + Level 3.7 Shields


You had 2 spell levels left.
You didn't know any spells.

Dungeon Overview and Level Annotations

Branches:
Dungeon (4/15)
 Temple: D:4-7

Altars:
Yredelemnul


Innate Abilities, Weirdness & Mutations

You are resistant to damage.
You can heal yourself by infusing magical energy.
You passively map a small area around you.
You do not regenerate.


Message History

There are monsters nearby!
A kobold comes into view. It is wielding a short sword.
The kobold shouts!
The kobold throws a stone.
The stone barely misses you. The bat hits you but does no damage. x2
The goblin hits you but does no damage.
Found a stone staircase leading up.
You hit the goblin.
The goblin is heavily wounded.
You block the bat's attack. You block the goblin's attack.
The goblin barely misses you.
You barely miss the goblin.
The goblin is heavily wounded.
You slash the bat!
You kill the bat!
You block the goblin's attack.
You closely miss the goblin.
The goblin is heavily wounded.
You hit the kobold but do no damage. You block the kobold's attack.
You block the goblin's attack.
You hit the goblin.
You kill the goblin!
You closely miss the kobold. You block the kobold's attack. x2
You slash the kobold!
You kill the kobold!
No target in view!
There is a stone staircase leading down here.
You climb downwards.
You hear the sound of rushing water.
There is an entrance to a sewer on this level.
Hurry and find it before the portal rusts away!
There is a stone staircase leading up here.
No target in view!
No target in view!
No target in view!
A worker ant, a giant cockroach and an orc come into view.
The orc shouts!
There are monsters nearby!
You see here 10 gold pieces.
The giant cockroach closely misses you. You block the giant cockroach's attack.
You closely miss the giant cockroach. The giant cockroach bites you.
The giant cockroach barely misses you.
You completely miss the giant cockroach.
The giant cockroach bites you.
You hit the giant cockroach.
The giant cockroach is almost dead.
You block the giant cockroach's attack. x2
You slash the giant cockroach!
You kill the giant cockroach!
You hit the worker ant.
The worker ant is moderately wounded.
The worker ant barely misses you. The worker ant bites you.
You take 2 damage, and have 22/34 hp.
You barely miss the worker ant.
The worker ant is moderately wounded.
The worker ant bites you. The worker ant barely misses you.
You hit the worker ant.
The worker ant is moderately wounded.
The worker ant barely misses you.
The worker ant bites you but does no damage.
You closely miss the worker ant.
The worker ant is moderately wounded.
The worker ant closely misses you.
You hit the worker ant.
The worker ant is severely wounded.
You block the worker ant's attack. The worker ant bites you.
You take 1 damage, and have 21/34 hp.
Unknown command.
You hit the worker ant but do no damage.
The worker ant is severely wounded.
The worker ant bites you.
You are poisoned.
The worker ant poisons you!
The worker ant waves its antennae.
The worker ant bites you.
You are more poisoned.
The worker ant poisons you!
You take 5 damage, and have 16/34 hp.
You closely miss the worker ant.
The worker ant is severely wounded.
The worker ant bites you.
You are more poisoned.
The worker ant poisons you! The worker ant bites you.
You are lethally poisoned!
The worker ant poisons you!
You take 3 damage, and have 13/34 hp.
Unknown command.
You hit the worker ant.
The worker ant is severely wounded.
* * * LOW HITPOINT WARNING * * *
You feel very sick. The worker ant bites you.
* * * LOW HITPOINT WARNING * * *
Unknown command.
You take 7 damage, and have 6/34 hp.
MASSIVE DAMAGE!!
You hit the worker ant.
The worker ant is almost dead.
* * * LOW HITPOINT WARNING * * *
You feel very sick. The worker ant bites you.
You die...

, * ##.#.# ,
, ** ....# ,+
,..... ,, ,
** ... * * *
... * ** *#o#
* #a# * #+#
#@# #.# #$#
#####.#
######.#
...<#.##
#......#
###....##
#.######
##.....###.#
#...........#
,
..#.#.#######
###.#.# ,


You could see a worker ant and an orc.

Vanquished Creatures
  An adder (D:2)
  3 worms
  A dart slug (D:1)
  2 leopard geckos
  2 giant cockroaches
  3 goblins
  2 hobgoblins
  4 kobolds
  A ball python (D:2)
  3 bats
  A rat (D:2)
23 creatures vanquished.

Notes
Turn   | Place    | Note
-------+----------+-------------------------------------------
     0 | D:1      | Monsterracer the Deep Dwarf Fighter began the quest for the Orb.
     0 | D:1      | Reached XP level 1. HP: 20/20 MP: 1/1
   101 | D:1      | Reached XP level 2. HP: 27/27 MP: 2/2
   170 | D:2      | Found a basalt altar of Yredelemnul.
   296 | D:3      | HP: 1/27 [worm (8)]
   302 | D:3      | Reached XP level 3. HP: 25/33 MP: 3/3
   501 | D:4      | Slain by a worker ant

Skill      XL: |  1  2  3 |
---------------+----------+-----
Axes           | 3 |  3.1
Fighting       | 3 |  3.0
Armour         | |  3.6
Shields        | |  3.7

Action                   || total
-------------------------++-------
Melee: War axe           ||    82
 Abil: Heal Wounds       ||     1
Armor: Scale mail        ||    28
Dodge: Dodged            ||    33
Block: Shield            ||    50

Vault maps used:
D:1:      dpeg_arrival_simpleton_c
D:2:      nicolae_overflow_hidden_temple, lemuel_doored_altar,
          hangedman_decor_points
D:3:      nicolae_overflow_crystal_walls, hex_tiny
D:4:      grunt_qazlal_sundering, minmay_temple_entry_hall, first_ration,
          portal_sewer_entry_f, nemelex_xobeh_ov_fountains_minmay, uniq_duvessa
